 Dungeon Crawl Stone Soup version 0.29-a0-322-g68df515428 (webtiles) character file.

Game seed: 15063348356057957690

4956 Murumi the Fighter (level 10, -6/115 HPs)
             Began as an Ogre Chaos Knight on Apr 8, 2022.
             Was a Plaything of Xom.
             Mangled by a komodo dragon (23 damage)
             ... on level 1 of the Lair of Beasts.
             The game lasted 00:38:53 (11266 turns).

Murumi the Fighter (Ogre Chaos Knight)             Turns: 11266, Time: 00:38:54

Health: -6/115     AC:  6    Str: 22      XL:     10   Next: 53%
Magic:  7/10       EV: 10    Int: 11      God:    Xom [......]
Gold:   251        SH:  0    Dex:  7 (8)  Spells: 9/9 levels left

rFire   . . .      SeeInvis +   y - +0 giant club (flame)
rCold   . . .      Faith    .   (shield currently unavailable)
rNeg    + . .      Spirit   .   b - +2 robe
rPois   +          Reflect  .   (helmet restricted)
rElec   .          Harm     .   n - scarf {repulsion}
rCorr   .          Rampage  .   (gloves unavailable)
Will    ++...                   (boots unavailable)
Stlth   ++........              (no amulet)
HPRegen 0.29/turn               B - ring of see invisible
MPRegen 0.12/turn               F - ring "Oladiy" {rPois rN+}

@: on berserk cooldown, slowed, repel missiles, very slow
A: large, unfitting armour, tough skin 1, horns 1, deterioration 1, dopey 1,
strong-willed 1, shaggy fur 1, MP-powered wands
a: Renounce Religion


You were on level 1 of the Lair of Beasts.
You worshipped Xom.
You were a very special plaything of Xom.
You visited 3 branches of the dungeon, and saw 10 of its levels.
You also visited: Ossuary.

You collected 419 gold pieces.
You spent 168 gold pieces at shops.

Inventory:

Hand Weapons
 y - a +0 giant club of flaming (weapon)
Missiles
 d - 2 poisoned darts
 f - 7 curare-tipped darts
 g - 206 stones (quivered)
 m - 10 boomerangs
 r - 3 throwing nets
Armour
 b - a +2 robe (worn)
 n - a scarf of repulsion (worn)
Jewellery
 w - a ring of resist corrosion
 B - a ring of see invisible (left hand)
 F - the ring "Oladiy" (right hand) {rPois rN+}
   (You found it on level 8 of the Dungeon)

   [ring of poison resistance]

   rPois:     It protects you from poison.
   rN:        It protects you from negative energy.
Wands
 j - a wand of flame (59)
 k - a wand of acid (6)
 t - a wand of charming (1)
 v - a wand of iceblast (8)
Scrolls
 a - a scroll of enchant armour
 o - a scroll of teleportation
 C - 2 scrolls of identify
 D - a scroll of magic mapping
 E - a scroll of fog
 G - 2 scrolls of holy word
Potions
 e - a potion of invisibility
 h - 10 potions of curing
 i - 3 potions of heal wounds
 l - 4 potions of haste
 p - 3 potions of magic
 q - 3 potions of attraction
 s - 2 potions of cancellation
 u - 2 potions of ambrosia
 x - 2 potions of resistance
 z - 3 potions of brilliance
 A - a potion of flight
Miscellaneous
 c - a piece from Xom's chessboard (15/15)


   Skills:
 - Level 12.0 Fighting
 - Level 6.0 Maces & Flails
 + Level 7.8 Throwing
 - Level 2.0 Armour
 - Level 6.0 Dodging
 - Level 2.0 Stealth
 - Level 2.0 Evocations


You had 9 spell levels left.
You didn't know any spells.
Your spell library contained the following spells:

 Spells                   Type           Power      Damage    Failure   Level
 Shock                    Conj/Air       0%         1d3       34%         1
 Sting                    Tmut/Pois      0%         1d3       34%         1
 Poisonous Vapours        Pois/Air       0%         N/A       47%         2
 Ignite Poison            Fire/Tmut/Pois 0%         N/A       71%         3
 Mephitic Cloud           Conj/Pois/Air  0%         N/A       71%         3
 Portal Projectile        Hex/Tloc       0%         N/A       71%         3
 Swiftness                Air            0%         N/A       71%         3
 Airstrike                Air            0%         N/A       98%         4
 Fulminant Prism          Conj/Hex       0%         3d6       98%         4
 Iskenderun's Mystic Bla  Conj/Tloc      0%         2d3       98%         4
 Olgreb's Toxic Radiance  Pois           0%         N/A       98%         4
 Summon Lightning Spire   Summ/Air       0%         N/A       98%         4
 Blade Hands              Tmut           0%         N/A       100%        5
 Excruciating Wounds      Necr           0%         N/A       100%        5
 Freezing Cloud           Conj/Ice/Air   0%         6-21      100%        5
 Lee's Rapid Deconstruct  Erth           0%         3d5*      100%        5
 Lightning Bolt           Conj/Air       0%         1d11      100%        5


Dungeon Overview and Level Annotations

Branches:
Dungeon (8/15)             Temple (1/1) D:7            Lair (1/6) D:8
Ossuary (visited)

Altars:
Ashenzari
Elyvilon
Fedhas
Gozag
Hepliaklqana
Kikubaaqudgha
Makhleb
Nemelex Xobeh
Okawaru
Qazlal
Ru
Sif Muna
Trog
Vehumet
Wu Jian
Xom
Yredelemnul
Zin
The Shining One

Shops:
D:5 [


Innate Abilities, Weirdness & Mutations

You are too large for most types of armour.
You have tough skin. (AC +1)
You have a pair of small horns on your head.
Your body sometimes deteriorates upon taking damage.
You are dopey. (Int -2)
You are strong-willed. (Will+)
You are covered in fur. (AC +1)
You expend magic power (3 MP) to strengthen your wands.


Message History

You feel yourself slow down.
The komodo dragon hisses angrily. "Burn, baby, burn!"
The fireball engulfs the yak.
The fireball engulfs the butterfly!!
The butterfly dies!
The fireball engulfs the butterfly!!
The butterfly dies!
The fireball engulfs the butterfly!!
The butterfly dies!
You hear a bellow!
You hear a croak.
You hear a bellow! x2
A yak comes into view.
You hear a bellow!
You hear an angry hiss.
A komodo dragon comes into view.
A yak comes into view.
A cane toad comes into view.
A yak comes into view.
The yak gores you!
Your body deteriorates!
You feel clumsy.
The cane toad croaks.
A komodo dragon comes into view.
A yak comes into view.
The yak gores you. The cane toad stings you!
Okay, then.
Okay, then.
Aiming: Charm
Press: ? - help, Shift-Dir - straight line, f - cane toad
Aim: a cane toad (chance to affect: 59%)
You feel a surge of power!
The cane toad is charmed.
The komodo dragon hisses angrily.
The yak gores you. x2; The komodo dragon bites you!!
* * * LOW HITPOINT WARNING * * *
The yak barely misses you. The yak gores you!
* * * LOW HITPOINT WARNING * * *
The yak attacks as you move away! The yak gores you but does no damage.
The komodo dragon bites you.
* * * LOW HITPOINT WARNING * * *
The komodo dragon attacks as you move away!
The komodo dragon bites you!!
You die...
Xom snickers!

, #......###..#.#..
* ,
..#...?#.#.......
.....YY(.#.......
.....l.(...b..... ,
, ..........Y......
, ,.......$.........
,
#.....#....l...#.###
#>...##....lYY.#,# *
#...b##.§§@F.## , ,
* #....##.§§§.##**
#......§.§.# ,, ,
#....#....## *
#........# *
##.......#
#.......##
##....†..# #......##


You could see 3 komodo dragons, 5 yaks and a friendly cane toad (charmed).

Vanquished Creatures
  The ghost of oberejnoburuli the Zephyrmancer, a novice TeAE of Vehumet (D:7)
  A rime drake (D:8)
  Grinder (D:4)
  A wyvern (Lair:1)
  6 yaks (D:8)
  Edmund (D:4)
  2 wargs (D:8)
  2 water moccasins
  3 orc warriors
  A sky beast (D:8)
  A black bear (D:8)
  An ogre (D:5)
  A centaur (D:8)
  A phantom (D:5)
  2 kobold brigands
  2 necrophages
  4 bullfrogs
  4 scorpions
  A water moccasin zombie (Ossuary)
  An electric eel (D:8)
  A howler monkey (D:7)
  2 orc priests
  2 hounds
  Crazy Yiuf (D:4)
  A gnoll shaman (D:7)
  3 jellies
  Jessica (D:3)
  3 iguanas
  4 orc wizards (D:8)
  2 mummies (Ossuary)
  8 gnolls
  5 adders
  A white imp (D:6)
  An ufetubus (D:4)
  3 adder zombies (Ossuary)
  3 worms
  3 dart slugs
  29 orcs
  A ball python (D:4)
  8 endoplasms
  2 giant cockroaches
  4 gnoll zombies (Ossuary)
  9 goblins
  7 hobgoblins
  2 jackals (D:5)
  13 kobolds
  6 quokkas
  4 bats
  2 frilled lizards
  4 hobgoblin zombies (Ossuary)
  5 kobold zombies (Ossuary)
  2 orc zombies (Ossuary)
  4 rats
183 creatures vanquished.

Vanquished Creatures (collateral kills)
  A water moccasin zombie (Ossuary)
  2 hobgoblin zombies (Ossuary)
  A kobold zombie (Ossuary)
4 creatures vanquished.

Vanquished Creatures (others)
  3 butterflies (Lair:1)
  17 plants
20 creatures vanquished.

Grand Total: 207 creatures vanquished

Notes
Turn   | Place    | Note
-------+----------+-------------------------------------------
     0 | D:1      | Murumi the Ogre Chaos Knight began the quest for the Orb.
     0 | D:1      | Reached XP level 1. HP: 24/24 MP: 1/1
   335 | D:1      | Reached XP level 2. HP: 30/32 MP: 2/2
   377 | D:1      | XOM: god gift: 17 gold pieces
   581 | D:1      | XOM: silly message
   659 | D:1      | XOM: silly message
   718 | D:1      | XOM: divination: detect items
   922 | D:1      | XOM: silly message
  1029 | D:1      | Reached XP level 3. HP: 30/39 MP: 3/3
  1033 | D:1      | Reached skill level 1 in Throwing
  1421 | D:2      | XOM: silly message
  1446 | D:2      | XOM: divination: detect creatures
  1896 | D:2      | Reached XP level 4. HP: 27/48 MP: 4/4
  1896 | D:2      | XOM: smoke on damage
  2053 | D:2      | XOM: 1-stop teleportation journey
  2066 | D:2      | Reached skill level 1 in Armour
  2436 | D:3      | Noticed Jessica
  2442 | D:3      | Killed Jessica
  2443 | D:3      | Reached skill level 1 in Evocations
  2482 | D:3      | Reached skill level 1 in Stealth
  2514 | D:3      | XOM: silly message
  2673 | D:3      | Found a sacrificial altar of Ru.
  2797 | D:3      | Found a faded altar of an unknown god.
  2886 | D:3      | XOM: divination: detect creatures
  2975 | D:3      | Reached XP level 5. HP: 54/54 MP: 5/5
  3135 | D:3      | XOM: noise
  3211 | D:3      | Reached skill level 5 in Fighting
  3235 | D:3      | XOM: silly message
  3554 | D:4      | Reached XP level 6. HP: 41/66 MP: 6/6
  3568 | D:4      | XOM: divination: magic mapping
  3681 | D:4      | XOM: divination: detect creatures
  3743 | D:4      | Noticed an ice beast
  3749 | D:4      | an ice beast changed into a hound
  3749 | D:4      | XOM: polymorph ice beast -> hound
  4000 | D:4      | Noticed Edmund
  4036 | D:4      | Killed Edmund
  4037 | D:4      | Reached skill level 6 in Fighting
  4294 | D:4      | Noticed Grinder
  4308 | D:4      | Killed Grinder
  4309 | D:4      | Reached skill level 7 in Fighting
  4309 | D:4      | Reached XP level 7. HP: 15/79 MP: 7/7
  4313 | D:4      | Reached skill level 8 in Fighting
  4631 | D:4      | XOM: 2-stop teleportation journey
  4803 | D:4      | Found a runed translucent door.
  4804 | D:4      | Noticed Crazy Yiuf
  4871 | D:4      | XOM: god gift: scroll of vulnerability
  5099 | D:4      | Killed Crazy Yiuf
  5279 | D:5      | Entered Level 5 of the Dungeon
  5429 | D:5      | XOM: enchant monster (good)
  5443 | D:5      | Reached XP level 8. HP: 33/88 MP: 8/8
  5629 | D:5      | Found a sand-covered staircase.
  5634 | Ossuary  | Entered an ossuary
  5696 | Ossuary  | Reached skill level 5 in Throwing
  5721 | Ossuary  | XOM: smoke on damage
  5725 | Ossuary  | XOM: cast spell 'Summon Mana Viper'
  5766 | Ossuary  | XOM: fake destruction
  5775 | Ossuary  | Reached skill level 9 in Fighting
  5831 | Ossuary  | XOM: fog
  5986 | D:5      | XOM: give mutations
  5986 | D:5      | Gained mutation: You have a pair of small horns on your
                  | head. [Xom's grace]
  5986 | D:5      | Gained mutation: You passively map a small area around you.
                  | [Xom's grace]
  5986 | D:5      | Gained mutation: You are robust. (+10% HP) [Xom's grace]
  5986 | D:5      | Gained mutation: Your flesh is heat resistant. (rF+) [Xom's
                  | grace]
  6130 | D:5      | Found Pomeetz's Armour Shoppe.
  6147 | D:5      | Identified the +4 ring mail "Bashred" {rElec Str+4}
  6169 | D:5      | XOM: confusion
  6184 | D:5      | Gained mutation: You have hidden genetic defects.
                  | [mutagenic glow]
  6223 | D:5      | Gained mutation: Your body sometimes deteriorates upon
                  | taking damage. [mutagenic glow]
  6349 | D:5      | Bought a scarf of repulsion for 168 gold pieces
  6840 | D:6      | Gained mutation: Your magical capacity is low. (-10% MP)
                  | [hidden defects]
  6967 | D:6      | XOM: 1-stop teleportation journey
  7248 | D:6      | Reached skill level 5 in Maces & Flails
  7248 | D:6      | Reached XP level 9. HP: 103/107 MP: 8/8
  7261 | D:6      | XOM: 9-stop teleportation journey
  7374 | D:6      | Found a blossoming altar of Fedhas.
  7514 | D:7      | XOM: noise
  7618 | D:7      | XOM: stat loss: -1 Str (21/22)
  7727 | D:7      | XOM: noise
  7741 | D:7      | XOM: silly message
  7771 | D:7      | Found a broken altar of Ashenzari.
  7897 | D:7      | XOM: give mutations
  7897 | D:7      | Gained mutation: You expend magic power (3 MP) to
                  | strengthen your wands. [Xom's grace]
  7897 | D:7      | Gained mutation: You are strong-willed. (Will+) [Xom's
                  | grace]
  7897 | D:7      | Gained mutation: You are covered in fur. (AC +1) [Xom's
                  | grace]
  7914 | D:7      | Found a runed translucent door.
  7915 | D:7      | Noticed oberejnoburuli's ghost (novice TeAE)
  7973 | D:7      | Gained mutation: You occasionally shout uncontrollably at
                  | your foes. [hidden defects]
  7973 | D:7      | Lost mutation: You have hidden genetic defects. [hidden
                  | defects expressed]
  8020 | D:7      | Reached skill level 5 in Dodging
  8020 | D:7      | XOM: polymorph gnoll -> howler monkey
  8152 | D:7      | Found a staircase to the Ecumenical Temple.
  8187 | D:7      | XOM: stat loss: -1 Str (20/22)
  8241 | Temple   | Entered the Ecumenical Temple
  8389 | D:7      | XOM: give mutations
  8389 | D:7      | Lost mutation: You occasionally shout uncontrollably at
                  | your foes. [Xom's mischief]
  8389 | D:7      | Lost mutation: You are robust. (+10% HP) [Xom's mischief]
  8389 | D:7      | Lost mutation: Your magical capacity is low. (-10% MP)
                  | [Xom's mischief]
  8581 | D:7      | Killed oberejnoburuli's ghost
  8582 | D:7      | Reached skill level 10 in Fighting
  8985 | D:7      | XOM: cast spell 'Olgreb's Toxic Radiance'
  9101 | D:8      | Noticed a rime drake
  9101 | D:8      | a black bear changed into a rime drake
  9101 | D:8      | XOM: polymorph black bear -> rime drake
  9111 | D:8      | Killed a rime drake
  9422 | D:8      | Identified the ring "Oladiy" {rPois rN+}
  9491 | D:8      | XOM: enchant monster (good)
  9497 | D:8      | XOM: 7-stop teleportation journey
  9526 | D:8      | Reached skill level 11 in Fighting
  9550 | D:8      | Reached XP level 10. HP: 23/113 MP: 10/10
  9911 | D:8      | XOM: 1-stop teleportation journey
  9922 | D:8      | XOM: stat loss: -1 Dex (6/8)
  9968 | D:8      | Found a staircase to the Lair.
 10473 | D:8      | XOM: stat loss: -1 Int (12/13)
 10485 | D:8      | Reached skill level 12 in Fighting
 10743 | D:8      | XOM: 3-stop teleportation journey
 10917 | D:8      | XOM: summons 3 hostile shadow creatures
 11091 | D:8      | Found a sparkling altar of Nemelex Xobeh.
 11196 | Lair:1   | Entered Level 1 of the Lair of Beasts
 11248 | Lair:1   | XOM: give mutations
 11248 | Lair:1   | Gained mutation: You are dopey. (Int -2) [Xom's mischief]
 11248 | Lair:1   | Lost mutation: Your flesh is heat resistant. (rF+) [Xom's
                  | mischief]
 11248 | Lair:1   | Lost mutation: You passively map a small area around you.
                  | [Xom's mischief]
 11252 | Lair:1   | XOM: chaos cloud
 11258 | Lair:1   | XOM: destruction
 11260 | Lair:1   | Noticed a cane toad
 11266 | Lair:1   | Mangled by a komodo dragon

Illustrated notes

Levels and vault maps discovered:
D:1:      tarquinn_simple_flora_water_e, layout_loops_corners
D:2:      layout_basic, grunt_ministairs_9
D:3:      minmay_angry_zag, layout_basic, mainiacjoe_overflow_six_doors_small,
          chequers_ecumenical_altar_island, kennysheep_generic_room_14,
          uniq_jessica
D:4:      layout_basic, lexackson_kobold_supper, uniq_edmund, uniq_grinder,
          uniq_crazy_yiuf_cottage
D:5:      layout_loops_cross, enter_ossuary_2, serial_shops, shop_statue,
          kennysheep_nub, serial_park_tiny_pond
D:6:      layout_cave_pools, fedhas_altar_1
D:7:      layout_loops_corners, mainiacjoe_overflow_tiny_flanked,
          minmay_temple_entry_tees, gammafunk_ghost_grave
D:8:      layout_cave_pods, nicolae_overflow_hidden_temple,
          erik_lair_orcish_takeover, serial_bayou, serial_bayou_pond_a,
          serial_bayou_shore_b, serial_bayou_pond_d, serial_bayou_ford_a
Temple:   nicolae_temple_no_exploring_needed
Lair:1:   layout_hall_layers, hangedman_lair_generics_rect, grunt_megastairs_1,
          serial_bayou_shore_a, lemuel_fruit_fields, lemuel_fruit_tree

Skill      XL: |  1  2  3  4  5  6  7  8  9 10 |
---------------+-------------------------------+-----
Maces & Flails | 3 4 5 6 |  6.0
Dodging        | 3 4 5 6 |  6.0
Throwing       | 2 3 4 5 7 |  7.8
Armour         | 1 2 |  2.0
Evocations     | 1 2 |  2.0
Stealth        | 1 2 |  2.0
Fighting       | 5 7 8 9 11 12 | 12.0

Action                   |  1- 3 |  4- 6 |  7- 9 | 10-12 || total
-------------------------+-------+-------+-------+-------++-------
Melee: Mace              |    77 |   124 |       |       ||   201
       Punch             |     1 |     1 |       |       ||     2
       Flail             |    33 |       |       |       ||    33
       Dire flail        |       |    15 |   140 |       ||   155
       Giant club        |       |       |   111 |    99 ||   210
       Headbutt          |       |       |    18 |    16 ||    34
Throw: Stone             |    10 |    61 |    54 |    66 ||   191
       Dart              |       |       |     2 |       ||     2
       Boomerang         |       |       |     7 |       ||     7
Evoke: Piece from Xom's  |     1 |    11 |     5 |       ||    17
       Wand              |       |       |     2 |     1 ||     3
  Use: Scroll            |     3 |     7 |    12 |     1 ||    23
       Potion            |       |       |     1 |       ||     1
 Stab: Sleeping          |     1 |     4 |     1 |       ||     6
       Distracted        |     1 |       |       |       ||     1
       Petrified         |       |    10 |       |       ||    10
       Paralysed         |       |     9 |       |       ||     9
Armor: Robe              |    58 |    39 |    99 |    29 ||   225
Dodge: Dodged            |    50 |    66 |   157 |    45 ||   318
       Repelled          |       |       |       |     1 ||     1

Table legend: (Time is in decaauts)
 A = Elapsed time spent in this place.
 B = Non-inter-level travel time spent in this place.
 C = Inter-level travel time spent in this place.
 D = Time resting spent in this place.
 E = Time spent auto-exploring this place.
 F = Levels seen in this place.
 G = Mean time per level.
                   A        B        C        D        E       F      G
               +--------+--------+--------+--------+--------+-----+--------+
         Total |  11413 |  10695 |    718 |      0 |   8931 |  11 | 1037.5 |
       Dungeon |  11032 |  10316 |    716 |      0 |   8682 |   8 | 1379.0 |
        Temple |      1 |      1 |      0 |      0 |      0 |   1 |    1.0 |
          Lair |     71 |     71 |      0 |      0 |     39 |   1 |   71.0 |
       Ossuary |    308 |    308 |      0 |      0 |    210 |   1 |  308.0 |
               +--------+--------+--------+--------+--------+-----+--------+

Top non-repeatable levels by time:
     D:8: 2154 daAuts
     D:4: 1863 daAuts
     D:7: 1531 daAuts
     D:1: 1436 daAuts
     D:5: 1118 daAuts
     D:3: 1077 daAuts
     D:2: 1030 daAuts
     D:6: 821 daAuts
 Ossuary: 308 daAuts
  Lair:1: 71 daAuts
  Temple: 1 daAuts
